 Dungeon Crawl Stone Soup version 0.32-a0-995-gb4a59205af (webtiles) character file.

Game seed: 7431975741872119318

924 ezpacito the Chopper (level 8, -5/61 HPs)
             Began as a Coglin Chaos Knight on Apr 22, 2024.
             Was a Plaything of Xom.
             Slain by an iron imp (8 damage)
             ... summoned by Xom
             ... on level 5 of the Dungeon.
             The game lasted 00:06:30 (3665 turns).

ezpacito the Chopper (Coglin Chaos Knight)          Turns: 3665, Time: 00:06:30

Health: -5/61      AC:  8    Str: 15      XL:     8   Next: 10%
Magic:  10/10      EV:  8    Int: 11      God:    Xom [...*..]
Gold:   331        SH:  0    Dex:  7 (14) Spells: 1/10 levels left

rFire   . . .        a - +0 hand axe (chaos) {Zimri-Dagan}
rCold   + + .        y - +2 spear (freeze) {Chidori}
rNeg    . . .        k - +2 scale mail {rC+}
rPois   +            (no helmet)
rElec   .            w - scarf {+Inv}
rCorr   .            (no gloves)
SInv    .            (no boots)
Will    .....        (amulet unavailable) Stlth
                     (ring unavailable)
HPRegen 0.30/turn    (ring unavailable)
MPRegen 0.12/turn    (no gizmo)

%: no passive effects
@: about to teleport, attractive, revved
A: off-hand wielding, slow wielding, warmup strikes, no jewellery, cold
resistance 1, poison resistance, wild magic 1, devolution 1
a: Invent Gizmo, Renounce Religion, Evoke Invisibility


You were on level 5 of the Dungeon.
You worshipped Xom.
You were a favourite toy of Xom.
You visited 1 branch of the dungeon, and saw 5 of its levels.

You collected 331 gold pieces.

Inventory:

Hand Weapons
 a - a +0 hand axe of chaos (weapon) {Zimri-Dagan}
 p - a +0 war axe
 y - a +2 spear of freezing (offhand) {Chidori}
Missiles
 n - 6 poisoned darts (quivered)
Armour
 k - a +2 scale mail of cold resistance (worn)
 w - a scarf of invisibility (worn)
 x - the +1 robe "Beeng" {Dex+2 Slay+5}
   (You found it on level 5 of the Dungeon)

   Dex+2:     It affects your dexterity (+2).
   Slay+5:    It affects your accuracy & damage with ranged weapons and melee
   (+5).
Wands
 l - a wand of acid (1)
 u - a wand of flame (10)
Scrolls
 c - 2 scrolls of fog {unknown}
 e - a scroll of enchant armour {unknown}
 f - 2 scrolls of fear {unknown}
 h - a scroll of noise {unknown}
 i - 3 scrolls of identify
 j - a scroll of amnesia {unknown}
 r - 2 scrolls of poison
 t - a scroll of teleportation
Potions
 d - a potion of attraction
 g - a potion of cancellation {unknown}
 s - a potion of magic {unknown}
 v - a potion of haste {unknown}


   Skills:
 * Level 4.3 Fighting
 * Level 4.4(4.9) Axes
 * Level 2.6(3.7) Polearms
 + Level 1.4 Throwing
 * Level 3.2 Armour
 * Level 2.9 Dodging
 + Level 2.1 Stealth
 + Level 1.6 Spellcasting
 + Level 0.1 Conjurations
 + Level 0.2 Translocations
 + Level 0.5 Air Magic
 * Level 1.8 Alchemy
 + Level 2.4 Evocations


You had one spell level left.
You knew the following spells:

 Your Spells              Type           Power      Damage    Failure   Level
a - Olgreb's Toxic Radia  Alch           6%         N/A       99%         4
b - Sting                 Conj/Alch      16%        1d4       67%         1
c - Mercury Vapours       Alch/Air       8%         N/A       78%         2
d - Blink                 Tloc           2%         N/A       88%         2

Your spell library contained the following spells:

 Spells                   Type           Power      Damage    Failure   Level
 Freeze                   Ice            4%         1d3       82%         1
 Lesser Beckoning         Tloc           2%         N/A       88%         2
 Momentum Strike          Conj/Tloc      2%         3d8       89%         2
 Jinxbite                 Hex            2%         N/A       91%         2
 Hailstorm                Conj/Ice       1%         3d5       98%         3
 Maxwell's Portable Pile  Tloc           1%         2d(5-13)  98%         3
 Teleport Other           Tloc           1%         N/A       98%         3
 Frozen Ramparts          Ice            2%         1d1       99%         3
 Inner Flame              Hex/Fire       1%         N/A       99%         3
 Flame Wave               Conj/Fire      1%         2d4       100%        4
 Sticky Flame             Fire/Alch      3%         2d4       100%        4
 Yara's Violent Unravell  Hex/Alch       1%         3d3       100%        5
 Enfeeble                 Hex            0%         N/A       100%        7


Dungeon Overview and Level Annotations

Branches:
Dungeon (5/15)
 Temple: D:4-7

Altars:
Dithmenos
Hepliaklqana
Kikubaaqudgha
Sif Muna
Xom


Innate Abilities, Weirdness & Mutations

You can wield a second weapon in your off-hand.
It takes a long time for you to wield or remove held weapons.
Your first few attacks do less damage.
You cannot equip rings or amulets.
Your flesh is cold resistant. (rC+)
Your system is resistant to poisons. (rPois)
Your spells are a little harder to cast, but a little more powerful.
You have hidden genetic defects.


Message History

You freeze the quasit.
You barely miss the chaos spawn with your +0 hand axe of chaos.
The helpless iron imp fails to defend itself.
You hit the iron imp with your +0 hand axe of chaos.
You hit the quasit with your +2 spear of freezing.
The iron imp is no longer petrified.
The quasit bites you.
* * * LOW HITPOINT WARNING * * *
The quasit claws you but does no damage.
The quasit claws you.
* * * LOW HITPOINT WARNING * * *
You feel clumsy.
The quasit bites you but does no damage.
The quasit claws you but does no damage. x2
The iron imp hits you.
* * * LOW HITPOINT WARNING * * *
The chaos spawn barely misses you.
You take 6 damage, and have 5/61 hp.
You hit the quasit but do no damage.
The quasit is moderately wounded.
You hit the quasit with your +0 hand axe of chaos.
The quasit seems to speed up.
You barely miss the quasit with your +0 hand axe of chaos.
You barely miss the chaos spawn with your +0 hand axe of chaos.
You hit the iron imp but do no damage.
The iron imp falls asleep!
The iron imp shouts, "Crawl home, thou twisted dismal-dreaming toady!"
The quasit bites you but does no damage.
The quasit misses you.
The quasit claws you but does no damage.
The quasit closely misses you.
The quasit claws you but does no damage.
The quasit barely misses you.
The quasit bites you but does no damage.
The quasit claws you.
* * * LOW HITPOINT WARNING * * *
You feel clumsy. The quasit claws you.
* * * LOW HITPOINT WARNING * * *
You feel clumsy. The iron imp hits you!
You die...

.# .# .# .# .# .# .#
### .# #.. .#
#.#######
####.#######.#......
..........55545#
#######.####@###
##.## #5# #####...#
#)# ........###.#
#.......#.#
#.........#
#...))..###
###.).### #..)#


You could see a chaos spawn (summoned), 2 iron imps and 3 quasits.

Vanquished Creatures
  Grinder (D:3)
  A phantom (D:3)
  A scorpion (D:4)
  A quasit (D:4)
  3 hounds
  2 bombardier beetles (D:5)
  3 iguanas
  An iron imp (D:4)
  Jessica (D:3)
  2 orc wizards
  4 gnolls (D:5)
  5 adders
  4 shadow imps (D:4)
  A white imp (D:4)
  An ufetubus (D:5)
  A dart slug (D:4)
  3 ribbon worms
  13 orcs
  3 ball pythons
  8 endoplasms
  A giant cockroach (D:1)
  8 goblins
  6 hobgoblins
  4 quokkas
  8 bats
  A frilled lizard (D:1)
  A kobold (D:3)
  5 rats
93 creatures vanquished.

Vanquished Creatures (others)
  A kobold zombie (D:3)
1 creature vanquished.

Grand Total: 94 creatures vanquished

Notes
Turn   | Place    | Note
-------+----------+-------------------------------------------
     0 | D:1      | ezpacito the Coglin Chaos Knight began the quest for the
                  | Orb.
     0 | D:1      | Reached XP level 1. HP: 18/18 MP: 1/1
    51 | D:1      | XOM: divination: detect creatures
   124 | D:1      | Reached skill level 1 in Dodging
   139 | D:1      | Reached XP level 2. HP: 20/24 MP: 2/2
   405 | D:1      | XOM: silly message
   406 | D:1      | XOM: god gift: wand of acid (5)
   527 | D:1      | XOM: 1-stop teleportation journey
   550 | D:1      | XOM: god gift: 58 gold pieces
   696 | D:1      | XOM: summons 2 hostile demons
   697 | D:1      | Noticed a crimson imp
   721 | D:1      | XOM: polymorph butterfly -> bat
   744 | D:2      | Reached XP level 3. HP: 28/29 MP: 3/3
   785 | D:2      | XOM: god gift: scroll labelled RIUZAU TYOT {god gift}
   820 | D:2      | XOM: give mutation
   820 | D:2      | Gained mutation: Your flesh is cold resistant. (rC+) [Xom's
                  | grace]
   946 | D:2      | Found a hazy altar of Hepliaklqana.
  1197 | D:2      | Reached skill level 1 in Stealth
  1394 | D:1      | XOM: give mutation
  1394 | D:1      | Gained mutation: Your spells are a little harder to cast,
                  | but a little more powerful. [Xom's grace]
  1403 | D:1      | XOM: scenery: 1 doors close
  1460 | D:3      | Found a shadowy altar of Dithmenos.
  1478 | D:3      | Reached XP level 4. HP: 35/35 MP: 4/4
  1545 | D:3      | Learned a level 4 spell: Olgreb's Toxic Radiance
  1576 | D:3      | Noticed Jessica
  1577 | D:3      | Noticed Grinder
  1578 | D:3      | Paralysed by Grinder for 5 turns
  1584 | D:3      | XOM: cleaving
  1591 | D:3      | XOM: scenery: create altars
  1592 | D:3      | Killed Grinder
  1593 | D:3      | Reached skill level 1 in Polearms
  1593 | D:3      | Reached skill level 1 in Spellcasting
  1593 | D:3      | Reached skill level 1 in Evocations
  1593 | D:3      | Reached XP level 5. HP: 6/41 MP: 6/6
  1593 | D:3      | Reached XP level 6. HP: 7/47 MP: 7/7
  1593 | D:3      | Killed Jessica
  1729 | D:3      | Found a shimmering blue altar of Sif Muna.
  1763 | D:3      | Reached skill level 1 in Alchemy
  1900 | D:3      | Found an ancient bone altar of Kikubaaqudgha.
  1956 | D:3      | XOM: torment (25/48 hp)
  2169 | D:4      | XOM: give mutation
  2169 | D:4      | Gained mutation: Your system is resistant to poisons.
                  | (rPois) [Xom's grace]
  2179 | D:4      | Reached XP level 7. HP: 46/53 MP: 8/8
  2188 | D:4      | XOM: cast spell 'Cause Fear'
  2209 | D:4      | Reached skill level 1 in Throwing
  2322 | D:4      | XOM: polymorph white imp -> iron imp
  2374 | D:4      | XOM: butterfly on damage
  2489 | D:4      | XOM: noise
  3033 | D:5      | Entered Level 5 of the Dungeon
  3036 | D:5      | XOM: confusion
  3039 | D:5      | XOM: 2-stop teleportation journey
  3195 | D:5      | Learned a level 1 spell: Sting
  3198 | D:5      | Learned a level 2 spell: Mercury Vapours
  3201 | D:5      | Learned a level 2 spell: Blink
  3212 | D:5      | XOM: silly message
  3234 | D:5      | Identified the +1 robe "Beeng" {Dex+2 Slay+5}
  3338 | D:5      | Reached XP level 8. HP: 24/60 MP: 10/10
  3454 | D:5      | XOM: give mutation
  3454 | D:5      | Gained mutation: You have hidden genetic defects. [Xom's
                  | mischief]
  3500 | D:5      | XOM: 9-stop teleportation journey
  3648 | D:5      | XOM: summons 5 hostile demons
  3656 | D:5      | HP: 3/61 [chaos spawn[Xom] (5)]
  3665 | D:5      | HP: 3/61 [quasit[Xom] (1)]
  3665 | D:5      | Slain by an iron imp

Illustrated notes

Levels and vault maps discovered:
D:1:      dpeg_arrival_orchard, layout_basic, minmay_heptomino_l4
D:2:      layout_rooms, basic_altar, amcnicky_mini_corridor_feature
D:3:      layout_rooms, mainiacjoe_overflow_alcove_1,
          grunt_dithmenos_smoke_and_mirrors, nicolae_overflow_crystal_walls,
          uniq_jessica, uniq_grinder
D:4:      layout_cave_pods, serial_demonic, serial_demonic_d, serial_demonic_f,
          serial_demonic_f, serial_demonic_d, dreamdust_mushroom_princess
D:5:      kennysheep_spiral_hall, layout_loops_ring, kennysheep_generic_room_9

Skill      XL: |  1  2  3  4  5  6  7 |
---------------+----------------------+-----
Dodging        | 1 2 |  2.9
Armour         | 2 3 |  3.2
Stealth        | 1 2 |  2.1
Polearms       | 1 2 |  2.6
Spellcasting   | 1 |  1.6
Evocations     | 1 2 |  2.4
Alchemy        | 1 |  1.8
Axes           | 4 |  4.4
Throwing       | 1 |  1.4
Fighting       | 4 |  4.3
Conjurations   | |  0.1
Translocations | |  0.2
Air Magic      | |  0.5

Action                     |  1- 3 |  4- 6 |  7- 9 || total
---------------------------+-------+-------+-------++-------
  Melee: Hand axe          |    84 |    59 |   130 ||   273
         Dagger            |    73 |       |       ||    73
         Spear             |     2 |    62 |   144 ||   208
  Evoke: Wand              |       |     4 |       ||     4
    Use: Scroll            |     1 |       |     3 ||     4
         Potion            |       |     5 |     4 ||     9
   Stab: Sleeping          |     1 |       |     2 ||     3
         Petrified         |       |       |     3 ||     3
         Paralysed         |       |       |     1 ||     1
 Armour: Leather armour    |    15 |       |       ||    15
         Chain mail        |    44 |    24 |       ||    68
         Scale mail        |       |    27 |   207 ||   234
  Dodge: Dodged            |    37 |    34 |   138 ||   209

Table legend: (Time is in decaauts)
 A = Elapsed time spent in this place.
 B = Non-inter-level travel time spent in this place.
 C = Inter-level travel time spent in this place.
 D = Time resting spent in this place.
 E = Time spent auto-exploring this place.
 F = Levels seen in this place.
 G = Mean time per level.
                   A        B        C        D        E       F      G
               +--------+--------+--------+--------+--------+-----+--------+
         Total |   3675 |   3509 |    166 |      0 |   2715 |   5 |  735.0 |
       Dungeon |   3675 |   3509 |    166 |      0 |   2715 |   5 |  735.0 |
               +--------+--------+--------+--------+--------+-----+--------+

Top non-repeatable levels by time:
     D:4: 880 daAuts
     D:1: 879 daAuts
     D:3: 713 daAuts
     D:5: 632 daAuts
     D:2: 569 daAuts
